 Dungeon Crawl Stone Soup version 0.31-a0-236-g9a0961fb85 (webtiles) character file.

Game seed: 3659013943393683674

2380 qw the Skirmisher (level 9, -10/55 HPs)
             Began as a Gargoyle Hexslinger on July 10, 2023.
             Was a Follower of Okawaru.
             Mangled by a two-headed ogre
             ... wielding a +0 giant club
              (20 damage)
             ... on level 7 of the Dungeon.
             The game lasted 00:02:21 (6163 turns).

qw the Skirmisher (Gargoyle Hexslinger)             Turns: 6163, Time: 00:02:22

Health: -10/55     AC: 15    Str: 10 (12) XL:     9   Next: 45%
Magic:  12/12      EV: 15    Int: 13 (14) God:    Okawaru [*.....]
Gold:   362        SH:  0    Dex: 14 (16) Spells: 9/10 levels left

rFire   . . .        Y - +1 longbow (freeze)
rCold   . . .        (shield currently unavailable)
rNeg    + . .        o - +2 robe {Will+}
rPois   inf          g - +0 helmet
rElec   +            (no cloak)
rCorr   .            l - +2 pair of gloves
SInv    .            (no boots)
Will    +++..        (no amulet)
Stlth   +++          j - ring of willpower
HPRegen 0.29/turn    k - ring of willpower
MPRegen 0.13/turn

%: no passive effects
@: heroic
A: sickness immunity, AC +6, negative energy resistance 1, electricity
resistance, torment resistance 1, petrification resistance, subdued magic 1
a: Renounce Religion, Heroism


You were on level 7 of the Dungeon.
You worshipped Okawaru.
Okawaru was aware of your devotion.
You visited 2 branches of the dungeon, and saw 9 of its levels.

You collected 362 gold pieces.


Innate Abilities, Weirdness & Mutations

You are immune to sickness and miasma.
Your stone body is resilient. (AC +6)
You are immune to poison.
You resist negative energy. (rN+)
You are resistant to electric shocks. (rElec)
You are resistant to unholy torment.
You are immune to petrification.
Your spells are a little easier to cast, but a little less powerful.


   Skills:
 - Level 6.2(11.2) Fighting
 + Level 9.8(14.8) Ranged Weapons
 - Level 1.6(6.6) Armour
 - Level 2.3(7.3) Dodging
 - Level 1.0 Spellcasting
 - Level 2.6 Hexes
 - Level 4.9 Invocations


You had 9 spell levels left.
You knew the following spells:

 Your Spells              Type           Power      Damage    Failure   Level
a - Slow                  Hex            20%        N/A       8%          1

Your spell library contained the following spells:

 Spells                   Type           Power      Damage    Failure   Level
 Inner Flame              Hex/Fire       3%         N/A       38%         3
 Portal Projectile        Hex/Tloc       6%         N/A       38%         3
 Cause Fear               Hex            2%         N/A       63%         4

Inventory:

Hand Weapons
 Y - a +1 longbow of freezing (weapon)
Armour
 g - a +0 helmet (worn)
 l - a +2 pair of gloves (worn)
 o - a +2 robe of willpower (worn)
 q - +0 steam dragon scales
Jewellery
 a - a ring of fire
 c - a ring of ice
 j - a ring of willpower (left hand)
 k - a ring of willpower (right hand)
 m - a ring of positive energy
 n - a ring of fire
 r - a +6 ring of strength
Scrolls
 i - a scroll of identify
Potions
 b - a potion of resistance
 d - a potion of might
 f - 2 potions of mutation
 h - a potion of curing
 p - a potion of attraction {unknown}
 s - a potion of brilliance {unknown}

Dungeon Overview and Level Annotations

Branches:
Dungeon (8/15)             Temple (1/1) D:5
   Lair: D:8-11

Altars:
Ashenzari
Cheibriados
Dithmenos
Elyvilon
Fedhas
Gozag
Hepliaklqana
Kikubaaqudgha
Makhleb
Nemelex Xobeh
Okawaru
Qazlal
Ru
Trog
Uskayaw
Vehumet
Wu Jian
Xom
Yredelemnul
Zin
The Shining One

Annotations:
D:8 Grum, Maurice


Message History

Enter note:
Enter note:
Enter note:
Enter note:
Enter note:
Enter note: You shoot an arrow.
The arrow hits the howler monkey!
The arrow freezes the howler monkey.
The howler monkey is severely wounded.
The killer bee barely misses you.
The killer bee stings you but does no damage.
The howler monkey closely misses you. The killer bee barely misses you.
The killer bee stings you but does no damage.
You shoot an arrow. The arrow hits the howler monkey!
The arrow freezes the howler monkey.
You kill the howler monkey!
Okawaru accepts your kill. The killer bee closely misses you.
The killer bee stings you but does no damage. x2
You shoot an arrow.
The arrow hits the two-headed ogre but does no damage.
The two-headed ogre is moderately wounded.
The killer bee stings you but does no damage.
The killer bee barely misses you.
You shoot an arrow. The arrow hits the two-headed ogre.
The arrow freezes the two-headed ogre.
The two-headed ogre is heavily wounded.
The killer bee stings you but does no damage.
The two-headed ogre hits you with a +0 giant club.
The two-headed ogre barely misses you.
The killer bee stings you but does no damage.
You shoot an arrow.
The arrow barely misses the two-headed ogre.
The arrow hits the wolf!!
The arrow freezes the wolf.
You kill the wolf!
Okawaru accepts your kill. The killer bee closely misses you.
The killer bee misses you. The two-headed ogre closely misses you.
The two-headed ogre hits you with a +0 giant club!!
You die...

#.......### ####.#### #.# ###
#.########## #.. ######
#..........# #.. .....#
#..#######.# #.# ##.#.# #..# #.#
#.# #.#)# ##..##### #.#########.#
##.#)######...yy@%# #.....%..##..
..............###O###.######.##.#
.#.#.#####.....#.y%##.######.##.#
.#.#.# ##...##..........##.##..
.....# ##..........###.##.####
..#..# #.########........# #...##
#.# #####.#### ##.## ##'## #.# ##
#.# ##...## #.# #.


You could see a two-headed ogre and 3 killer bees.

Vanquished Creatures
  Maggie (D:6)
  A steam dragon (D:7)
  Edmund (D:4)
  2 water moccasins
  Duvessa (D:7)
  A sky beast (D:6)
  3 black bears
  An ice beast (D:7)
  A wolf (D:7)
  2 ogres
  A phantom (D:5)
  2 scorpions
  2 jellies
  Dowan (D:7)
  A howler monkey (D:7)
  2 hounds
  An orc priest (D:7)
  2 sleepcaps (D:6)
  2 iguanas
  5 orc wizards
  4 gnolls (D:3)
  6 adders
  A white imp (D:7)
  An ufetubus (D:5)
  4 worms
  5 dart slugs
  19 orcs
  5 endoplasms (D:1)
  5 giant cockroaches
  9 goblins
  6 hobgoblins
  3 jackals (D:1)
  3 kobolds
  6 quokkas
  5 ball pythons
  4 bats
  5 frilled lizards
  4 rats
128 creatures vanquished.

Notes
Turn   | Place    | Note
-------+----------+-------------------------------------------
     0 | D:1      | qw the Gargoyle Hexslinger began the quest for the Orb.
     0 | D:1      | Reached XP level 1. HP: 12/12 MP: 2/2
     0 | D:1      | 0 ||| qw: Version: 0.3-a-52-g30416fa
     0 | D:1      | 0 ||| qw: Game counter: 4864
     0 | D:1      | 0 ||| qw: Melee chars always use a shield: true
     0 | D:1      | 0 ||| qw: God list: Okawaru
     0 | D:1      | 0 ||| qw: Allow faded altars: false
     0 | D:1      | 0 ||| qw: Do Orc after clearing Dungeon:15 true
     0 | D:1      | 0 ||| qw: Do second Lair branch before Depths: true
     0 | D:1      | 0 ||| qw: Lair rune preference: random
     0 | D:1      | 0 ||| qw: Goals: Normal
     0 | D:1      | 0 ||| PLANNING D:1-11
    82 | D:1      | Reached XP level 2. HP: 16/16 MP: 3/3
   122 | D:1      | 122 ||| FLEEEEING.
   181 | D:1      | Reached skill level 3 in Ranged Weapons
   491 | D:1      | Reached XP level 3. HP: 21/21 MP: 4/4
   926 | D:1      | Found a faded altar of an unknown god.
   965 | D:1      | 965 ||| UPGRADING to +0 leather armour.
   975 | D:1      | 975 ||| DROPPING +0 robe.
   976 | D:1      | 976 ||| UPGRADING to ring of willpower.
   977 | D:1      | 977 ||| READING scroll labelled PAVEDUZXUO.
   981 | D:1      | 981 ||| READING scroll labelled JAPHIA MUOPH.
   982 | D:1      | 982 ||| DROPPING scroll of poison.
  1035 | D:2      | Identified the +5 sling of the Caustic God {heavy, rN+
                  | Int+2 Dex+4}
  1037 | D:2      | 1037 ||| SWAPPING to +5 sling of the Caustic God {heavy,
                  | rN+ Int+2 Dex+4}.
  1038 | D:2      | 1038 ||| DROPPING +1 sling.
  1286 | D:2      | Reached XP level 4. HP: 22/26 MP: 5/5
  1580 | D:2      | 1580 ||| UPGRADING to +0 ring mail.
  1590 | D:2      | 1590 ||| UPGRADING to +0 pair of gloves.
  1595 | D:2      | 1595 ||| DROPPING +0 leather armour.
  1596 | D:2      | 1596 ||| UPGRADING to +0 helmet.
  1601 | D:2      | 1601 ||| UPGRADING to ring of willpower.
  1602 | D:2      | 1602 ||| READING scroll labelled RACYKLIEJI.
  1687 | D:3      | 1687 ||| SWAPPING to +0 longbow.
  1688 | D:3      | 1688 ||| DROPPING +5 sling of the Caustic God {heavy, rN+
                  | Int+2 Dex+4}.
  1817 | D:3      | Reached skill level 1 in Armour
  1892 | D:3      | Reached skill level 4 in Ranged Weapons
  1911 | D:3      | 1911 ||| FLEEEEING.
  1912 | D:3      | 1912 ||| FLEEEEING.
  1913 | D:3      | 1913 ||| FLEEEEING.
  1915 | D:3      | Reached XP level 5. HP: 20/30 MP: 6/6
  2070 | D:3      | Found a bloodstained altar of Trog.
  2073 | D:3      | Found an opulent altar of Gozag.
  2075 | D:3      | Found a blossoming altar of Fedhas.
  2092 | D:3      | Reached skill level 5 in Ranged Weapons
  2331 | D:3      | 2331 ||| READING scroll labelled DYGYKHLANYI.
  2332 | D:3      | 2332 ||| READING scroll labelled IDGHAO OFET.
  2333 | D:3      | 2333 ||| DRINKING 2 white potions.
  2334 | D:3      | 2334 ||| DRINKING 2 viscous silvery potions.
  2339 | D:3      | 2339 ||| DROPPING potion of ambrosia.
  2464 | D:4      | Noticed Edmund
  2467 | D:4      | HP: 6/30 [Edmund/+1 heavy flail (8)]
  2468 | D:4      | 2468 ||| DRINKING potion of heal wounds.
  2475 | D:4      | HP: 7/30 [Edmund/+1 heavy flail (6)]
  2476 | D:4      | HP: 1/30 [Edmund/+1 heavy flail (7)]
  2477 | D:4      | Killed Edmund
  2478 | D:4      | Reached XP level 6. HP: 2/38 MP: 7/7
  2628 | D:4      | Found a hazy altar of Hepliaklqana.
  2893 | D:4      | Reached skill level 6 in Ranged Weapons
  2948 | D:4      | Reached XP level 7. HP: 43/43 MP: 8/8
  3077 | D:4      | 3077 ||| READING scroll labelled CEVITI LUMEYQ.
  3091 | D:5      | Entered Level 5 of the Dungeon
  3247 | D:5      | Found a staircase to the Ecumenical Temple.
  3248 | D:5      | 3248 ||| PLANNING TEMPLE
  3248 | D:5      | 3248 ||| UPGRADING to +2 pair of gloves.
  3258 | D:5      | 3258 ||| DROPPING +0 pair of gloves.
  3259 | D:5      | 3259 ||| READING scroll labelled XUADAT HEEFFO.
  3268 | Temple   | Entered the Ecumenical Temple
  3269 | Temple   | 3269 ||| PLANNING OKAWARU WORSHIP
  3277 | Temple   | Became a worshipper of Warmaster Okawaru
  3278 | Temple   | 3278 ||| PLANNING D:1-11
  3636 | D:5      | 3636 ||| READING scroll of brand weapon.
  3636 | D:5      | 3636 ||| BRANDING +0 longbow.
  3642 | D:5      | Found a snail-covered altar of Cheibriados.
  3642 | D:5      | Found a radiant altar of Vehumet.
  3720 | D:5      | Reached skill level 7 in Ranged Weapons
  4115 | D:5      | 4115 ||| UPGRADING to +2 robe of willpower.
  4125 | D:5      | 4125 ||| DROPPING +0 ring mail.
  4126 | D:5      | 4126 ||| READING scroll labelled SAFOCHU CYRA.
  4335 | D:6      | Reached * piety under Okawaru
  4385 | D:6      | Reached XP level 8. HP: 48/48 MP: 9/9
  4387 | D:6      | 4387 ||| INVOKING Heroism.
  4390 | D:6      | Reached skill level 1 in Invocations
  4409 | D:6      | 4409 ||| Stepping ~*~*~tactically~*~*~ (outnumbered).
  4412 | D:6      | 4412 ||| Stepping ~*~*~tactically~*~*~ (outnumbered).
  4420 | D:6      | Reached skill level 8 in Ranged Weapons
  4499 | D:6      | 4499 ||| INVOKING Heroism.
  4570 | D:6      | 4570 ||| INVOKING Heroism.
  4573 | D:6      | Reached skill level 3 in Invocations
  4588 | D:6      | 4588 ||| INVOKING Heroism.
  4730 | D:6      | Noticed Maggie
  4739 | D:6      | 4739 ||| INVOKING Heroism.
  4740 | D:6      | 4740 ||| READING 2 scrolls of identify.
  4740 | D:6      | 4740 ||| IDENTIFYING viscous emerald potion
  4745 | D:6      | HP: 6/48 [Maggie/bolt of fire (16)]
  4749 | D:6      | 4749 ||| FLEEEEING.
  4750 | D:6      | 4750 ||| FLEEEEING.
  4751 | D:6      | 4751 ||| FLEEEEING.
  4752 | D:6      | 4752 ||| FLEEEEING.
  4753 | D:6      | 4753 ||| FLEEEEING.
  4754 | D:6      | 4754 ||| FLEEEEING.
  4755 | D:6      | 4755 ||| FLEEEEING.
  4756 | D:6      | 4756 ||| FLEEEEING.
  4757 | D:6      | 4757 ||| FLEEEEING.
  4758 | D:6      | 4758 ||| FLEEEEING.
  4759 | D:6      | 4759 ||| FLEEEEING.
  4760 | D:6      | 4760 ||| FLEEEEING.
  4761 | D:6      | 4761 ||| FLEEEEING.
  4762 | D:6      | 4762 ||| FLEEEEING.
  4763 | D:6      | 4763 ||| FLEEEEING.
  4764 | D:6      | 4764 ||| FLEEEEING.
  4765 | D:6      | 4765 ||| FLEEEEING.
  4766 | D:6      | 4766 ||| FLEEEEING.
  4767 | D:6      | 4767 ||| FLEEEEING.
  4777 | D:6      | 4777 ||| FLEEEEING.
  4778 | D:6      | 4778 ||| FLEEEEING.
  4779 | D:6      | 4779 ||| FLEEEEING.
  4785 | D:6      | 4785 ||| FLEEEEING.
  4786 | D:6      | 4786 ||| FLEEEEING.
  4792 | D:6      | 4792 ||| FLEEEEING.
  4793 | D:6      | 4793 ||| FLEEEEING.
  4794 | D:6      | 4794 ||| FLEEEEING.
  4795 | D:6      | 4795 ||| FLEEEEING.
  4807 | D:6      | 4807 ||| FLEEEEING.
  4811 | D:6      | 4811 ||| FLEEEEING.
  4813 | D:6      | 4813 ||| FLEEEEING.
  4817 | D:6      | 4817 ||| FLEEEEING.
  4821 | D:6      | 4821 ||| STAIRDANCE
  4899 | D:6      | Killed Maggie
  5115 | D:6      | 5115 ||| READING scroll labelled WYIRGH POBISA.
  5338 | D:7      | Noticed Dowan
  5339 | D:7      | 5339 ||| INVOKING Heroism.
  5340 | D:7      | Noticed Duvessa
  5350 | D:7      | Killed Duvessa
  5351 | D:7      | Reached XP level 9. HP: 54/55 MP: 10/12
  5351 | D:7      | Killed Dowan
  5393 | D:7      | Found an ancient bone altar of Kikubaaqudgha.
  5457 | D:7      | Reached skill level 9 in Ranged Weapons
  5470 | D:7      | 5470 ||| INVOKING Heroism.
  5472 | D:7      | Reached skill level 6 in Fighting
  5503 | D:7      | Found a broken altar of Ashenzari.
  5520 | D:7      | 5520 ||| INVOKING Heroism.
  5556 | D:7      | 5556 ||| INVOKING Heroism.
  5591 | D:7      | Found a burning altar of Makhleb.
  6105 | D:7      | 6105 ||| READING scroll labelled OVVYSEKUFIS.
  6106 | D:7      | 6106 ||| READING scroll labelled YDUR WEIFON.
  6107 | D:7      | 6107 ||| DRINKING 2 smoky grey potions.
  6108 | D:7      | 6108 ||| DRINKING 3 puce potions.
  6108 | D:7      | Gained mutation: Your spells are a little easier to cast,
                  | but a little less powerful. [potion of mutation]
  6109 | D:7      | 6109 ||| DRINKING 2 purple potions.
  6110 | D:7      | 6110 ||| READING 2 scrolls of identify.
  6110 | D:7      | 6110 ||| IDENTIFYING murky golden potion
  6111 | D:7      | 6111 ||| DROPPING potion of degeneration.
  6147 | D:8      | Noticed Grum
  6147 | D:8      | Noticed Maurice
  6147 | D:8      | Noticed a two-headed ogre
  6148 | D:8      | 6148 ||| INVOKING Heroism.
  6157 | D:8      | 6157 ||| STAIRDANCE
  6157 | D:8      | HP: 13/55 [wolf[Grum] (4)]
  6162 | D:7      | HP: 10/55 [two-headed ogre/+0 giant club (2)]
  6163 | D:7      | Mangled by a two-headed ogre

Levels and vault maps discovered:
D:1:      amcnicky_arrival_double_pillar, layout_loops_corners,
          hellmonk_ecumenical_altar_defaced_shrine
D:2:      layout_loops_cross, grunt_ministairs_1
D:3:      layout_basic, gammafunk_temple_overflow_forgotten
D:4:      layout_loops_ring, lemuel_crystal_altar, minivault_23, uniq_edmund
D:5:      layout_gridville, gammafunk_temple_overflow_statue,
          minmay_temple_entry_purple_smoke, minmay_misc_feat_cross
D:6:      layout_basic, uniq_maggie
D:7:      layout_loops_corners, bloody_makhleb, old_standard_altar,
          lemuel_crystal_altar, grunt_decor_arrowhead, uniq_duvessa
D:8:      corexii_shantytown, layout_rooms, uniq_grum, uniq_maurice
Temple:   nicolae_temple_no_exploring_needed

Skill      XL: |  1  2  3  4  5  6  7  8  9 |
---------------+----------------------------+-----
Ranged Weapons | 3 4 5 6 7 8 9 |  9.8
Fighting       | 2 4 5 6 |  6.2
Armour         | 1 |  1.6
Invocations    | 4 |  4.9
Dodging        | 2 |  2.3
Spellcasting   | |  1.0
Hexes          | |  2.6

Action                     |  1- 3 |  4- 6 |  7- 9 || total
---------------------------+-------+-------+-------++-------
   Fire: Sling             |   116 |    10 |       ||   126
         Longbow           |       |    71 |   216 ||   287
 Invoke: Heroism           |       |       |    10 ||    10
    Use: Scroll            |     2 |     3 |     9 ||    14
         Potion            |       |     3 |     3 ||     6
 Armour: Robe              |    10 |       |    65 ||    75
         Leather armour    |     1 |       |       ||     1
         Ring mail         |       |     7 |    43 ||    50
  Dodge: Dodged            |    24 |    12 |   150 ||   186

Table legend:
 A = Non-vault XP
 B = Vault XP
 C = Vault XP percentage of total XP
 D = Non-vault monster count
 E = Vault monster count
 F = Vault count percentage of total count
                 A         B        C        D         E       F
            +---------+---------+-------+---------+---------+-------
      Total |    2586 |     929 |  26.4 |     118 |      10 |   7.8
            +---------+---------+-------+---------+---------+-------
        D:1 |      63 |      12 |  16.0 |      34 |       4 |  10.5
        D:2 |       9 |       2 |  18.2 |       6 |       1 |  14.3
        D:3 |     140 |       0 |   0.0 |      22 |       0 |   0.0
        D:4 |     221 |     171 |  43.6 |       6 |       1 |  14.3
        D:5 |     361 |       0 |   0.0 |      18 |       0 |   0.0
        D:6 |     933 |     415 |  30.8 |      16 |       1 |   5.9
        D:7 |     859 |     329 |  27.7 |      16 |       3 |  15.8
            +---------+---------+-------+---------+---------+-------
